 Dungeon Crawl Stone Soup version 0.27-a0-59-gfbafd837a3 (webtiles) character file.

Game seed: 2948048739367049328

1631 Borgoz the Slasher (level 9, -2/59 HPs)
             Began as a Halfling Gladiator on Jan 8, 2021.
             Was a Believer of Okawaru.
             Slain by an orc warrior
             ... wielding a +0 morningstar
              (6 damage)
             ... on level 7 of the Dungeon.
             The game lasted 00:08:53 (6316 turns).

Borgoz the Slasher (Halfling Gladiator)             Turns: 6316, Time: 00:08:53

Health: -2/59      AC:  8    Str: 15    XL:     9   Next: 18%
Magic:  9/9        EV: 21    Int:  6    God:    Okawaru [**....]
Gold:   175        SH:  6    Dex: 19    Spells: 8/8 levels left

rFire    . . .     SeeInvis .   i - -1 dagger (curse)
rCold    . . .     Faith    .   b - +0 buckler
rNeg     . . .     Spirit   .   g - +0 ring mail
rPois    .         Reflect  .   t - +1 helmet
rElec    .         Harm     .   (no cloak)
rCorr    .         Rampage  .   (no gloves)
Will     .....                  (no boots)
Stlth    ++........             (no amulet)
HPRegen  0.19/turn              n - +4 ring of evasion
MPRegen  0.11/turn              k - ring of stealth

@: no status effects
A: small, mutation resistance 1
a: Renounce Religion, Heroism


You were on level 7 of the Dungeon.
You worshipped Okawaru.
Okawaru was pleased with you.
You visited 2 branches of the dungeon, and saw 8 of its levels.

You collected 315 gold pieces.
You spent 140 gold pieces at shops.

Inventory:

Hand Weapons
 a - a +1 long sword
 i - a cursed -1 dagger (weapon)
 o - a cursed +0 rapier
Armour
 b - a +0 buckler (worn)
 g - a +0 ring mail (worn)
 t - a +1 helmet (worn)
Jewellery
 c - an uncursed ring of positive energy
 k - a ring of stealth (right hand)
 n - a +4 ring of evasion (left hand)
 q - the ring of Vapuir {*Slow +Blink rN+++ Will+ Str-5}
   (You bought it in a shop on level 5 of the Dungeon)

   [ring of willpower]

   It affects your strength (-5).
   It renders you almost immune to negative energy.
   It affects your willpower, your defense against some magical effects.
   It lets you blink.
   It may slow you when you take damage.
Scrolls
 e - 4 scrolls of teleportation
Potions
 d - a potion of haste {unknown}
 m - a potion of resistance
 p - a potion of magic {unknown}
 r - a potion of brilliance
 s - a potion of mutation


   Skills:
 + Level 4.7 Fighting
 * Level 6.8 Long Blades
 - Level 2.0 Throwing
 + Level 5.1 Armour
 + Level 6.3 Dodging
 + Level 3.5 Shields


You had 8 spell levels left.
You didn't know any spells.
Your spell library contained the following spells:

 Spells                   Type           Power        Failure   Level
 Beastly Appendage        Tmut           0%           73%         1
 Summon Small Mammal      Summ           0%           73%         1
 Call Imp                 Summ           0%           86%         2
 Wereblood                Tmut           0%           86%         2
 Call Canine Familiar     Summ           0%           97%         3
 Spider Form              Tmut/Pois      0%           97%         3
 Summon Guardian Golem    Hex/Summ       0%           97%         3
 Ice Form                 Ice/Tmut       0%           100%        4
 Summon Ice Beast         Ice/Summ       0%           100%        4
 Summon Lightning Spire   Summ/Air       0%           100%        4
 Blade Hands              Tmut           0%           100%        5


Dungeon Overview and Level Annotations

Branches:
Dungeon (7/15)             Temple (1/1) D:4

Altars:
Cheibriados
Dithmenos
Elyvilon
Fedhas
Gozag
Hepliaklqana
Kikubaaqudgha
Nemelex Xobeh
Okawaru
Qazlal
Ru
Sif Muna
Trog
Uskayaw
Vehumet
Wu Jian
Xom
Yredelemnul
Zin
The Shining One

Shops:
D:5 *

Annotations:
D:7 2 transporters, wakim's ghost, novice TrMo


Innate Abilities, Weirdness & Mutations

You are small and have problems with some larger weapons.
You are somewhat resistant to further mutation.


Message History

The orc warrior is lightly wounded.
The orc warrior completely misses you.
You hit the orc warrior but do no damage.
The orc warrior is lightly wounded.
You closely miss the orc warrior.
The orc warrior is lightly wounded.
The orc warrior hits you with a +0 morningstar!
* * * LOW HITPOINT WARNING * * *
You hit the orc warrior but do no damage.
The orc warrior is lightly wounded.
The orc warrior barely misses you.
You closely miss the orc warrior.
The orc warrior is lightly wounded.
You hit the orc warrior but do no damage.
The orc warrior is lightly wounded.
The orc warrior completely misses you.
You closely miss the orc warrior.
The orc warrior is lightly wounded.
The orc warrior hits you with a +0 morningstar.
You die...

#.#....#.#
#....†...#
#####.####
#####.##
#......# ####
#(###..###.... #
#.# #.oh...# ###
#.# ##o#..##....
#.# #@#.##....#
#.####.#.#...#
#........##
#######..©#
##.## W# #.# ©.[
©. #.# ..#Y ...
#.##.#.F.S ##..
#..#...#.#..#.##


You could see an orc warrior, an orc and a jackal.

Vanquished Creatures
  A yak (D:7)
  A sky beast (D:5)
  5 ogres
  A centaur (D:5)
  2 bullfrogs
  A scorpion (D:5)
  A howler monkey (D:6)
  2 bullfrog zombies
  5 hounds
  A centaur skeleton (D:5)
  An orc wizard (D:3)
  An iguana (D:6)
  5 worker ants
  A killer bee zombie (D:5)
  Robin (D:4)
  9 adders
  A shadow imp (D:6)
  2 white imps (D:5)
  An ufetubus (D:5)
  An ooze (D:4)
  2 adder skeletons
  A worm (D:3)
  3 dart slugs
  3 leopard geckos
  12 orcs
  6 bats
  A giant cockroach (D:1)
  11 goblins
  8 hobgoblins
  11 jackals
  4 quokkas
  4 frilled lizards
  A jackal zombie (D:6)
  3 kobolds
  A quokka skeleton (D:4)
  5 rats
119 creatures vanquished.

Vanquished Creatures (others)
  A fungus (D:5)
1 creature vanquished.

Grand Total: 120 creatures vanquished

Notes
Turn   | Place    | Note
-------+----------+-------------------------------------------
     0 | D:1      | Borgoz the Halfling Gladiator began the quest for the Orb.
     0 | D:1      | Reached XP level 1. HP: 14/14 MP: 1/1
    90 | D:1      | Reached XP level 2. HP: 18/19 MP: 2/2
   395 | D:1      | Reached skill level 1 in Armour
   719 | D:2      | Reached XP level 3. HP: 24/24 MP: 3/3
   793 | D:2      | Reached XP level 4. HP: 11/30 MP: 4/4
  2018 | D:3      | Reached XP level 5. HP: 10/35 MP: 5/5
  2325 | D:3      | Found an opulent altar of Gozag.
  2437 | D:4      | Noticed an ogre
  2446 | D:4      | Killed an ogre
  2447 | D:4      | Reached XP level 6. HP: 42/42 MP: 6/6
  2454 | D:4      | Found a staircase to the Ecumenical Temple.
  2503 | Temple   | Entered the Ecumenical Temple
  2575 | Temple   | Became a worshipper of Warmaster Okawaru
  2703 | D:4      | Found a shimmering altar of Xom.
  2703 | D:4      | Found an opulent altar of Gozag.
  2705 | D:4      | Found a blossoming altar of Fedhas.
  2705 | D:4      | Found a hazy altar of Hepliaklqana.
  2705 | D:4      | Found a basalt altar of Yredelemnul.
  2707 | D:4      | Found a bloodstained altar of Trog.
  2707 | D:4      | Found a glowing golden altar of the Shining One.
  2708 | D:4      | Found a shadowy altar of Dithmenos.
  2728 | D:4      | Noticed Robin
  2741 | D:4      | Killed Robin
  2828 | D:4      | Found an ornate altar of the Wu Jian Council.
  2923 | D:4      | Noticed an ogre
  2938 | D:4      | Killed an ogre
  2939 | D:4      | Reached XP level 7. HP: 12/46 MP: 7/7
  3424 | D:4      | Reached skill level 5 in Dodging
  3554 | D:5      | Entered Level 5 of the Dungeon
  3601 | D:5      | Reached * piety under Okawaru
  3733 | D:5      | Reached skill level 1 in Shields
  3744 | D:5      | Reached skill level 5 in Long Blades
  4274 | D:5      | Found Ohueczik's Assorted Antiques.
  4277 | D:5      | Bought a crude granite ring for 100 gold pieces
  4277 | D:5      | Bought a scroll labelled SAOVUVA VIETYZY for 20 gold pieces
  4277 | D:5      | Bought a scroll labelled VUGYIK JORAXT for 20 gold pieces
  4280 | D:5      | Identified the ring of Vapuir {*Slow +Blink rN+++ Will+
                  | Str-5} (You bought it in a shop on level 5 of the Dungeon)
  4374 | D:5      | Found a white marble altar of Elyvilon.
  4417 | D:5      | Reached XP level 8. HP: 53/54 MP: 8/8
  4569 | D:5      | Reached ** piety under Okawaru
  5234 | D:6      | Noticed a yak
  5421 | D:6      | HP: 2/54 [bullfrog (3)]
  5806 | D:7      | Killed a yak
  5807 | D:7      | Reached XP level 9. HP: 59/59 MP: 9/9
  5813 | D:7      | Reached skill level 5 in Armour
  6217 | D:7      | Found a transporter.
  6221 | D:7      | Found a transporter.
  6225 | D:7      | Noticed a moth of wrath
  6234 | D:7      | Noticed wakim's ghost (novice TrMo)
  6316 | D:7      | Slain by an orc warrior

Illustrated notes

Levels and vault maps discovered:
D:1:      eino_arrival_cavern_d, layout_rooms, kennysheep_crisscross,
          minmay_cut_off
D:2:      layout_loops_ring
D:3:      layout_rooms, nicolae_gozag_seed_capital
D:4:      layout_basic, grunt_temple_overflow_open, lemuel_doored_altar,
          minmay_temple_entry_junction, minmay_quadrilaterals, uniq_robin
D:5:      layout_loops_cross, elyvilon_altar_1, serial_shops, shop
D:6:      minmay_cornered_nines, layout_basic, amcnicky_mini_pool_small
D:7:      layout_loops_corners, basic_altar, gammafunk_ghost_berserking_beasts,
          uniq_pikel
Temple:   eino_wide_crystal_templ

Skill      XL: |  1  2  3  4  5  6  7  8  9 |
---------------+----------------------------+-----
Fighting       | 2 3 4 |  4.7
Armour         | 1 2 3 4 5 |  5.1
Dodging        | 4 5 6 |  6.3
Long Blades    | 4 5 6 |  6.8
Shields        | 1 3 |  3.5
Throwing       | |  2.0

Action                   |  1- 3 |  4- 6 |  7- 9 || total
-------------------------+-------+-------+-------++-------
Melee: Long sword        |    61 |   133 |   121 ||   315
       Dagger            |       |       |   476 ||   476
Throw: Throwing net      |       |     3 |     1 ||     4
  Use: Potion            |       |     1 |     7 ||     8
       Scroll            |       |       |    18 ||    18
 Stab: Sleeping          |     1 |       |     4 ||     5
       Held in net/web   |       |     4 |     2 ||     6
       Distracted        |       |       |     2 ||     2
Armor: Ring mail         |    22 |    45 |    56 ||   123
Dodge: Dodged            |    46 |   119 |   449 ||   614
Block: Buckler           |       |       |   140 ||   140
       Rpst.: Long sword |    14 |    36 |    42 ||    92

Table legend: (Time is in decaauts)
 A = Elapsed time spent in this place.
 B = Non-inter-level travel time spent in this place.
 C = Inter-level travel time spent in this place.
 D = Time resting spent in this place.
 E = Time spent auto-exploring this place.
 F = Levels seen in this place.
 G = Mean time per level.
                   A        B        C        D        E       F      G
               +--------+--------+--------+--------+--------+-----+--------+
         Total |   6286 |   6143 |    143 |   2024 |   2804 |   8 |  785.8 |
       Dungeon |   6206 |   6085 |    121 |   2024 |   2755 |   7 |  886.6 |
        Temple |     79 |     57 |     22 |      0 |     49 |   1 |   79.0 |
               +--------+--------+--------+--------+--------+-----+--------+

Top non-repeatable levels by time:
     D:5: 1200 daAuts
     D:4: 1050 daAuts
     D:6: 987 daAuts
     D:2: 953 daAuts
     D:3: 857 daAuts
     D:1: 654 daAuts
     D:7: 502 daAuts
  Temple: 79 daAuts
